 Dungeon Crawl Stone Soup version 0.22-a0-439-gac93bac (webtiles) character file.

8997 nikopol the Thaumaturge (level 11, -7/56 HPs)
             Began as a Deep Elf Fire Elementalist on May 28, 2018.
             Was a Priest of Vehumet.
             Mangled by Erolcha
             ... wielding a +0 giant club
              (23 damage)
             ... on level 9 of the Dungeon on May 29, 2018.
             The game lasted 00:56:50 (13055 turns).

nikopol the Thaumaturge (DEFE)                     Turns: 13055, Time: 00:56:51

Health: -7/56      AC:  6    Str:  5    XL:     11   Next: 17%
Magic:  2/28       EV: 14    Int: 24    God:    Vehumet [***...]
Gold:   504        SH:  5    Dex: 15    Spells: 18/33 levels left

rFire    . . .     SeeInvis .   K - +2 dagger (speed)
rCold    . . .     Gourm    .   u - +0 buckler
rNeg     + . .     Faith    .   s - +2 robe {MR+}
rPois    .         Spirit   .   r - +0 helmet
rElec    .         Reflect  .   E - scarf {repulsion}
rCorr    +         Harm     .   (no gloves)
MR       ++...                  h - +0 pair of boots
Stlth    +++.......             (no amulet)
HPRegen  0.18/turn              g - ring of positive energy
MPRegen  0.21/turn              j - ring of resist corrosion

@: repel missiles
A: no striking features
a: Renounce Religion


You were on level 9 of the Dungeon.
You worshipped Vehumet.
Vehumet was most pleased with you.
You were near starving.

You visited 2 branches of the dungeon, and saw 10 of its levels.

You collected 504 gold pieces.

Inventory:

Hand Weapons
 K - a +2 dagger of speed (weapon)
Armour
 h - a +0 pair of boots (worn)
 r - a +0 helmet (worn)
 s - a +2 robe of magic resistance (worn)
 u - a +0 buckler (worn)
 E - a scarf of repulsion (worn)
Jewellery
 g - a ring of positive energy (left hand)
 j - a ring of resist corrosion (right hand)
Wands
 o - a wand of flame (45)
 v - a wand of polymorph (8)
 y - a wand of iceblast (8)
 C - a wand of disintegration (9)
Scrolls
 d - a scroll of immolation {unknown}
 e - 3 scrolls of random uselessness {unknown}
 i - 2 scrolls of identify
 k - 3 scrolls of remove curse
 l - a scroll of enchant weapon {unknown}
 n - a scroll of blinking {unknown}
 p - 2 scrolls of teleportation {unknown}
 x - 2 scrolls of amnesia {unknown}
 F - a scroll of noise {unknown}
 G - a scroll of fog {unknown}
 I - a scroll of vulnerability {unknown}
 J - a scroll of fear {unknown}
Potions
 b - a potion of invisibility
 f - a potion of brilliance {unknown}
 m - a potion of berserk rage
 q - 3 potions of magic
 t - 2 potions of haste
 w - a potion of flight {unknown}
 z - 3 potions of curing
 A - 4 potions of heal wounds
 B - a potion of cancellation {unknown}
 D - 2 potions of ambrosia
 H - 2 potions of mutation
Comestibles
 c - 15 rations


   Skills:
 + Level 1.0 Fighting
 + Level 2.2 Short Blades
 + Level 4.1 Dodging
 + Level 4.3 Stealth
 + Level 4.1 Shields
 + Level 11.9 Spellcasting
 + Level 10.1 Conjurations
 + Level 10.6 Fire Magic


You had 18 spell levels left.
You knew the following spells:

 Your Spells              Type           Power        Failure   Level  Hunger
a - Flame Tongue          Conj/Fire      #####        1%          1    None
b - Throw Flame           Conj/Fire      ######       1%          2    None
c - Conjure Flame         Conj/Fire      ######..     1%          3    None
d - Sticky Flame          Conj/Fire      ######..     1%          4    None
e - Fireball              Conj/Fire      ######....   1%          5    ###....

Your spell library contained the following spells:

 Spells                   Type           Power        Failure   Level  Hunger
 Spider Form              Tmut/Pois      ##........   13%         3    None
 Blade Hands              Tmut           ##........   77%         5    ###....
 Ice Form                 Ice/Tmut       ##......     41%         4    None
 Sticks to Snakes         Tmut           ##......     7%          2    None
 Inner Flame              Hex/Fire       #####...     1%          3    None
 Beastly Appendage        Tmut           ##....       4%          1    None


Dungeon Overview and Level Annotations

Branches:
Dungeon (9/15)             Temple (1/1) D:5
   Lair: D:8-11         Orc: D:9-12

Altars:
Ashenzari
Dithmenos
Elyvilon
Gozag
Hepliaklqana
Kikubaaqudgha
Makhleb
Qazlal
Ru
Sif Muna
Trog
Uskayaw
Vehumet
Wu Jian
Yredelemnul

Shops:
D:3 *   D:6 *

Annotations:
D:2 2 transporters, Menkaure
D:9 Erolcha, Gastronok


Message History

Erolcha casts a spell at you. The crystal spear misses you.
The bat hits you but does no damage.
Gastronok mumbles some strange words.
Gastronok puts on a burst of speed!
Erolcha closely misses you.
Casting: Flame Tongue (safe; 1% risk of failure)
Confirm with . or Enter, or press ? or * to list all spells.
Aiming: Sticky Flame (safe; 1% risk of failure)
Press: ? - help, Shift-Dir - straight line, f/p - Erolcha
Aim: Erolcha, wielding a giant club and wearing a glowing robe (severely wounded, fast)
The sticky flame hits Erolcha.
Erolcha resists.
Erolcha is severely wounded.
Erolcha is covered in liquid flames!
Erolcha burns!
The bat barely misses you. Erolcha casts a spell at you.
You block the crystal spear.
Erolcha burns!
The bat closely misses you.
Erolcha burns!
You block the bat's attack.
Erolcha burns!
The bat closely misses you.
Erolcha burns!
The bat closely misses you. Erolcha hits you with a giant club!!
You die...

#......#....#.... .....#
#................ ......
#........†.......
......##########...............#
........w................†<....#
#...............#####.....)..>.
#......................).......
#)....##.....O.........[...##..
#...........rb@..........####..
#.........#####..........####.[
###.......# #.................
#.......# #.................
#(......####.................
#..........#.................
#.(........#................[
#..........###.............).
#..........# #...............


You could see Gastronok, Erolcha (burning), a quokka and a bat.

Vanquished Creatures
  A centaur warrior (D:9)
  Maurice (D:9)
  Psyche (D:9)
  The ghost of iamserjio the Slinger, a novice HaHu (D:4)
  A troll (D:9)
  Grinder (D:3)
  A spriggan (D:7)
  A wyvern (D:8)
  The ghost of MisterFreud the Spear-Bearer, an amateur MfGl (D:3)
  17 wargs (D:7)
  Edmund (D:5)
  8 orc warriors
  3 sky beasts
  An ice beast (D:6)
  A necrophage (D:5)
  6 ogres
  3 phantoms
  2 centaurs (D:5)
  A bullfrog (D:7)
  2 gnoll sergeants (D:6)
  A wyvern zombie (D:6)
  A water moccasin zombie (D:6)
  4 killer bees (D:9)
  7 wights (D:8)
  6 electric eels
  A bullfrog zombie (D:6)
  2 quasits (D:9)
  Crazy Yiuf (D:3)
  3 jellies (D:9)
  5 orc priests
  A centaur zombie (D:6)
  3 hounds (D:9)
  2 centaur skeletons
  A bullfrog skeleton (D:6)
  4 iguanas
  Natasha (thrice) (D:4)
  Terence (D:1)
  2 orc wizards
  5 worker ants
  A killer bee zombie (D:5)
  A hound zombie (D:6)
  A hound skeleton (D:4)
  A worker ant zombie (D:6)
  8 gnolls (D:6)
  A howler monkey skeleton (D:8)
  13 adders
  A shadow imp (D:7)
  2 oozes (D:3)
  An adder zombie (D:6)
  An adder skeleton (D:6)
  A worm (D:5)
  3 leopard geckos
  50 orcs
  6 ball pythons
  8 goblins
  4 hobgoblins
  19 jackals
  11 kobolds
  4 quokkas
  7 bats
  5 frilled lizards
  2 jackal zombies
  A quokka skeleton (D:4)
  6 rats
265 creatures vanquished.

Vanquished Creatures (others)
  A plant (D:7)
  17 toadstools (D:9)
18 creatures vanquished.

Grand Total: 283 creatures vanquished

Notes
Turn   | Place    | Note
-------+----------+-------------------------------------------
     0 | D:1      | nikopol the Deep Elf Fire Elementalist began the quest for the Orb.
     0 | D:1      | Reached XP level 1. HP: 10/10 MP: 6/6
   343 | D:1      | Reached XP level 2. HP: 13/15 MP: 4/8
   675 | D:2      | Noticed Terence
   829 | D:1      | Learned a level 2 spell: Throw Flame
   908 | D:1      | Reached XP level 3. HP: 10/19 MP: 0/10
  1128 | D:1      | Learned a level 3 spell: Conjure Flame
  1266 | D:1      | Killed Terence
  1266 | D:1      | Reached skill level 4 in Spellcasting
  1470 | D:2      | Reached XP level 4. HP: 24/24 MP: 10/12
  1479 | D:2      | Learned a level 4 spell: Sticky Flame
  1965 | D:2      | Found a transporter.
  1970 | D:2      | Found a transporter.
  1988 | D:2      | Found a basalt altar of Yredelemnul.
  2202 | D:2      | Found a sacrificial altar of Ru.
  2222 | D:2      | Noticed Menkaure
  2226 | D:2      | Found an ancient bone altar of Kikubaaqudgha.
  2447 | D:3      | Reached XP level 5. HP: 28/28 MP: 4/13
  2689 | D:3      | Reached skill level 5 in Fire Magic
  2700 | D:3      | Noticed MisterFreud's ghost (amateur MfGl)
  2762 | D:3      | Found a white marble altar of Elyvilon.
  2852 | D:3      | Found an opulent altar of Gozag.
  2852 | D:3      | Found Gozag's Platinum Reserve.
  3020 | D:3      | Found a runed door.
  3024 | D:3      | Noticed Crazy Yiuf
  3028 | D:3      | Killed Crazy Yiuf
  3143 | D:3      | Noticed Grinder
  3149 | D:3      | Killed Grinder
  3149 | D:3      | Reached skill level 5 in Spellcasting
  3149 | D:3      | Reached XP level 6. HP: 32/32 MP: 6/15
  3286 | D:3      | Killed MisterFreud's ghost
  3286 | D:3      | Reached XP level 7. HP: 36/36 MP: 6/17
  3877 | D:4      | Reached skill level 6 in Spellcasting
  4049 | D:4      | Reached skill level 5 in Conjurations
  4122 | D:4      | Noticed Natasha
  4126 | D:4      | Killed Natasha
  4239 | D:4      | Found a deep blue altar of Sif Muna.
  4505 | D:4      | Noticed iamserjio's ghost (novice HaHu)
  4522 | D:4      | Killed iamserjio's ghost
  4522 | D:4      | Reached skill level 7 in Spellcasting
  4522 | D:4      | Reached XP level 8. HP: 41/41 MP: 3/20
  4529 | D:4      | Learned a level 5 spell: Fireball
  4734 | D:4      | Noticed Natasha
  4737 | D:4      | Killed Natasha
  4764 | D:4      | Upgraded the game from 0.22-a0-433-gd2a9cce to 0.22-a0-439-gac93bac
  4780 | D:4      | Noticed Natasha
  4820 | D:4      | Killed Natasha
  4883 | D:5      | Entered Level 5 of the Dungeon
  5105 | D:5      | Reached skill level 1 in Shields
  5403 | D:5      | Found an ornate altar of the Wu Jian Council.
  5403 | D:5      | Noticed Edmund
  5424 | D:5      | Killed Edmund
  5424 | D:5      | Reached skill level 8 in Spellcasting
  6122 | D:5      | Found a staircase to the Ecumenical Temple.
  6127 | Temple   | Entered the Ecumenical Temple
  6135 | Temple   | Became a worshipper of Vehumet
  6279 | D:5      | Reached XP level 9. HP: 46/46 MP: 18/23
  6604 | D:6      | Found an ancient bone altar of Kikubaaqudgha.
  6607 | D:6      | Found Utwurot's Profane Products.
  7071 | D:6      | Reached * piety under Vehumet
  7071 | D:6      | Offered knowledge of Sting by Vehumet.
  7292 | D:6      | Reached skill level 9 in Spellcasting
  7440 | D:6      | Found a burning altar of Makhleb.
  7496 | D:6      | Found a stormy altar of Qazlal.
  8331 | D:7      | Reached skill level 10 in Spellcasting
  8353 | D:7      | Reached XP level 10. HP: 34/51 MP: 6/26
  8705 | D:7      | Offered knowledge of Shock by Vehumet.
  8716 | D:7      | Noticed an orc knight
  8872 | D:7      | Reached ** piety under Vehumet
  9303 | D:7      | Found an ornate altar of the Wu Jian Council.
  9399 | D:7      | Found a bloodstained altar of Trog.
 10063 | D:7      | Reached skill level 11 in Spellcasting
 10373 | D:7      | Offered knowledge of Mephitic Cloud by Vehumet.
 10772 | D:8      | Found a deep blue altar of Sif Muna.
 11030 | D:8      | Found a shadowy altar of Dithmenos.
 11180 | D:8      | Reached skill level 10 in Fire Magic
 11593 | D:9      | Noticed Maurice
 11696 | D:9      | Noticed Gastronok
 11704 | D:9      | Reached *** piety under Vehumet
 11849 | D:9      | Noticed a centaur warrior
 12152 | D:9      | Reached skill level 10 in Conjurations
 12715 | D:9      | Killed Maurice
 12715 | D:9      | Reached skill level 1 in Short Blades
 12715 | D:9      | Reached XP level 11. HP: 48/55 MP: 5/28
 12870 | D:9      | Noticed Psyche
 12873 | D:9      | Killed Psyche
 12908 | D:9      | Killed a centaur warrior
 12908 | D:9      | Reached skill level 1 in Fighting
 13040 | D:9      | Noticed Erolcha
 13055 | D:9      | Mangled by Erolcha

Vault maps used:
D:1:      lightli_arrival_maybe_door_vault, grunt_decor_resistance
D:2:      nicolae_ru_path_of_blood, gammafunk_temple_of_torment, uniq_terence
D:3:      nicolae_overflow_crystal_walls, nicolae_gozag_zags_fifth_avenue,
          first_ration, uniq_crazy_yiuf_cottage, uniq_grinder
D:4:      lemuel_blue_sif_altar, uniq_natasha
D:5:      minmay_temple_entry_statues_pillars, basic_altar, uniq_edmund
D:6:      kennysheep_mini, kennysheep_little_box, serial_undead,
          serial_undead_e, serial_undead_c, serial_undead_f, serial_undead_e,
          nicolae_evil_shop
D:7:      lemuel_castle_with_subvaults, nicolae_overflow_hidden_temple,
          marbit_many_paths, serial_glass, glass_columns_a, glass_columns_b,
          the_bakery, kennysheep_boxes
D:8:      lemuel_crystal_altar, basic_altar, serial_bayou_ford_a,
          kennysheep_cluttered_room
D:9:      tgw_fedhas, lair_entry_dummy, orc_0_dummy, nicolae_barding_shop,
          uniq_erolcha, uniq_maurice, uniq_gastronok, uniq_psyche
Temple:   eino_wide_crystal_templ

Skill      XL: |  1  2  3  4  5  6  7  8  9 10 11 |
---------------+----------------------------------+-----
Fire Magic     | 4 5 6 7 8 9 10 | 10.6
Spellcasting   | 4 5 7 8 10 11 | 11.9
Conjurations   | 2 3 4 5 6 8 10 | 10.1
Stealth        | 3 4 |  4.3
Dodging        | 3 4 |  4.1
Shields        | 2 3 4 |  4.1
Short Blades   | 1 2 |  2.2
Fighting       | 1 |  1.0

Action                   |  1- 3 |  4- 6 |  7- 9 | 10-12 || total
-------------------------+-------+-------+-------+-------++-------
Melee: Dagger            |     4 |       |     3 |    97 ||   104
 Cast: Flame Tongue      |    50 |   105 |   216 |   169 ||   540
       Throw Flame       |     3 |     8 |    18 |    14 ||    43
       Conjure Flame     |     1 |     2 |     5 |     5 ||    13
       Sticky Flame      |       |     1 |    30 |    25 ||    56
       Fireball          |       |       |    13 |    36 ||    49
  Use: Scroll            |       |       |     4 |     3 ||     7
  Eat: Chunk             |     1 |     6 |    20 |    11 ||    38
       Ration            |       |       |       |     2 ||     2
Armor: Robe              |     7 |     9 |    13 |    39 ||    68
Dodge: Dodged            |    28 |    28 |    39 |    77 ||   172
       Deflected         |       |       |       |     1 ||     1
Block: Buckler           |       |       |    14 |    31 ||    45

Table legend:
 A = Spawn XP
 B = Non-spawn XP
 C = Spawn XP percentage of total XP
 D = Spawn monster count
 E = Non-spawn monster count
 F = Spawn count percentage of total count
 G = Total turns spent on level
                    A         B        C        D         E        F      G
               +---------+---------+-------+---------+---------+-------+---------
         Total |       0 |   12854 |   0.0 |       0 |     265 |   0.0 | 13055
               +---------+---------+-------+---------+---------+-------+---------
           D:1 |       0 |      72 |   0.0 |       0 |      16 |   0.0 |  1424
           D:2 |       0 |      79 |   0.0 |       0 |      31 |   0.0 |   871
           D:3 |       0 |     602 |   0.0 |       0 |      30 |   0.0 |  1458
           D:4 |       0 |     938 |   0.0 |       0 |      22 |   0.0 |  1130
           D:5 |       0 |    1163 |   0.0 |       0 |      24 |   0.0 |  1551
           D:6 |       0 |    1079 |   0.0 |       0 |      33 |   0.0 |  1516
           D:7 |       0 |    5020 |   0.0 |       0 |      67 |   0.0 |  2789
           D:8 |       0 |     735 |   0.0 |       0 |      14 |   0.0 |  1354
           D:9 |       0 |    3166 |   0.0 |       0 |      28 |   0.0 |   946
               +---------+---------+-------+---------+---------+-------+---------
